 Dungeon Crawl Stone Soup version 0.32-a0-485-g70f7560b1c (webtiles) character file.

Game seed: 6112572975715254909

3474 lunkers the Earth Mage (level 9, -3/93 HPs)
             Began as a Mountain Dwarf Earth Elementalist on Feb 27, 2024.
             Was a Follower of Ashenzari.
             Slain by a vampire (7 damage)
             ... on level 7 of the Dungeon.
             The game lasted 00:07:21 (7010 turns).

lunkers the Earth Mage (MDEE)                       Turns: 7010, Time: 00:07:21

Health: -3/93      AC: 11    Str: 12    XL:     9   Next: 79%
Magic:  1/11       EV: 17    Int: 19    God:    Ashenzari [*.....]
Gold:   290        SH:  0    Dex: 10    Spells: 4/11 levels left

rFire   + . .        a - +9 rapier of the Elysian Anxiety {flame, *Slow rC+ Will+ Stlth+, Melee, Sorc} (curse)
rCold   + . .        (no shield)
rNeg    . . .        c - +1 robe {rF+}
rPois   .            (no helmet)
rElec   .            v - +0 cloak
rCorr   .            n - +2 pair of gloves of Ashenzari's Moon {Comp, Cun} (curse)
SInv    .            (no boots)
Will    +....        D - amulet of regeneration Stlth
                     i - +5 ring of evasion
HPRegen 1.15/turn    A - +4 ring of protection
MPRegen 0.12/turn

%: slow self (1%)
@: berserking (expiring), very quick
A: runic magic, artefact enchanting
a: Renounce Religion, Shatter the Chains


You were on level 7 of the Dungeon.
You worshipped Ashenzari.
Ashenzari was aware of your devotion.
You visited 1 branch of the dungeon, and saw 7 of its levels.

You collected 290 gold pieces.

Inventory:

Hand Weapons
 a - the cursed +9 rapier of the Elysian Anxiety (weapon) {flame, *Slow rC+ Will+ Stlth+, Melee, Sorc}
   (You found it on level 6 of the Dungeon)

   rC+:       It protects you from cold.
   Will+:     It increases your willpower.
   *Slow:     It may slow you when you take damage.
   Stlth+:    It makes you more stealthy.
   It has a curse which improves the following skills: Melee Combat: Short
   Blades, Long Blades, Axes, Maces & Flails, Polearms, Staves and Unarmed
   Combat.
   Sorcery:   Conjurations and Alchemy.
 q - a +2 dagger of electrocution
 w - a +2 quarterstaff of chaos
Missiles
 x - a throwing net
Armour
 c - a +1 robe of fire resistance (worn)
 n - the cursed +2 pair of gloves of Ashenzari's Moon (worn) {Comp, Cun}
   (You found it on level 3 of the Dungeon)

   It has a curse which improves the following skills: Companions: Summonings
   and Necromancy.
   Cunning:   Dodging and Stealth.
 v - a +0 cloak (worn)
Jewellery
 i - a +5 ring of evasion (left hand)
 s - a +6 ring of dexterity
 A - a +4 ring of protection (right hand)
 D - an amulet of regeneration (around neck)
Scrolls
 b - 3 scrolls of noise
 d - a scroll of poison
 f - 6 scrolls of identify
 h - 2 scrolls of enchant weapon
 j - a scroll of amnesia
 l - a scroll of fear
 o - a scroll of revelation
 r - a scroll of torment
 t - 2 scrolls of silence
 z - a scroll of acquirement
Potions
 e - 2 potions of berserk rage
 g - 2 potions of degeneration
 k - a potion of haste
 m - 2 potions of mutation
 p - a potion of curing
 u - a potion of enlightenment
 y - a potion of might
 B - a potion of cancellation
 C - a potion of invisibility
 E - a potion of attraction
 F - a potion of brilliance


   Skills:
 - Level 1.3(1.9) Dodging
 - Level 1.4(2.0) Stealth
 - Level 1.7 Spellcasting
 - Level 0.8(1.2) Conjurations
 * Level 15.3 Earth Magic


You had 4 spell levels left.
You knew the following spells:

 Your Spells              Type           Power      Damage    Failure   Level
a - Sandblast             Erth           100%       2d20      1%          1
b - Passwall              Erth           56%        N/A       1%          3
c - Stone Arrow           Conj/Erth      66%        3d11      1%          3

Your spell library contained the following spells:

 Spells                   Type           Power      Damage    Failure   Level
 Brom's Barrelling Bould  Conj/Erth      33%        2d5       5%          4
 Petrify                  Alch/Erth      31%        N/A       8%          4
 Magic Dart               Conj           24%        1d4       11%         1
 Blink                    Tloc           2%         N/A       26%         2
 Call Imp                 Summ           2%         N/A       26%         2
 Summon Blazeheart Golem  Fire/Summ      1%         N/A       86%         4
 Orb of Destruction       Conj           3%         9d5       100%        7
 Spellforged Servitor     Conj/Summ      2%         N/A       100%        7


Dungeon Overview and Level Annotations

Branches:
Dungeon (7/15)             Temple (0/1) D:4

Altars:
Ashenzari
Sif Muna
Wu Jian

Shops:
D:2 *   D:3 ?


Innate Abilities, Weirdness & Mutations

Your spellcasting is much less encumbered by armour.
You can use scrolls of enchantment on lesser artefacts.


Message History

You feel your power leaking away.
* * * LOW MAGIC WARNING * * *
Something hits you but does no damage. Something bites you but does no damage.
Casting: Sandblast (safe; 1% risk of failure)
Confirm with . or Enter, or press ? or * to list all spells.
Okay, then.
Okay, then.
Aiming: Sandblast (safe; 1% risk of failure)
Press: ? - help, Q - select action, (/) - cycle Shift-Dir - straight line, f/p - neqoxec
Aim: a neqoxec (summoned, 82% to hit)
The blast of sand hits something!!
Reactivating autopickup.
You feel a bit more experienced.
* * * LOW MAGIC WARNING * * *
The neqoxec gestures at you. Something gnaws heavily on your mind!
* * * LOW HITPOINT WARNING * * *
Unknown command.
A red film seems to cover your vision as you go berserk!
You feel yourself moving faster!
You feel mighty!
Unknown command.
You feel a strong urge to attack something.
The neqoxec closely misses you.
You impale the neqoxec!! You burn the neqoxec.
The neqoxec is severely wounded.
The neqoxec hits you!
* * * LOW HITPOINT WARNING * * *
You puncture the neqoxec! You burn the neqoxec.
The neqoxec is almost dead.
The neqoxec disappears in a puff of smoke!
Unknown command.
Deactivating autopickup; reactivate with Ctrl-A.
You hit something. You burn something. Something hits you but does no damage.
Something bites you.
* * * LOW HITPOINT WARNING * * *
Something draws strength from your injuries!
You closely miss something. Something hits you.
* * * LOW HITPOINT WARNING * * *
Something bites you!
You die...

############..#
#............<#############
#.##########.###......#...#
#.# #######..........#.#.###
#.####....######.######.#.#..
#.#........#...#......#.#.#..
#.#.##.....#.########.#.#.#..
#.#.##.....#.# #.#.#.#..
#.#.##.....#@# #.#.#.#..
#.#.##.....#{# ##..#.#..
#.#.######.#5# ####.#..
#.#.#### #..5# #.... #.#....#
###.## ###.. #.##...#####..##
#.... #.##......##...# #.#..
#.##......##...# #.#..
#>##......###..)K⌠# #....


You could see a quasit (summoned) and a white imp (summoned).

Vanquished Creatures
  2 kobold demonologists (D:7)
  Grinder (D:5)
  Sigmund (D:2)
  A vampire (D:7)
  4 sky beasts
  A centaur (D:7)
  2 phantoms
  3 kobold brigands
  A scorpion (D:4)
  3 bullfrogs
  12 wights
  A bombardier beetle (D:7)
  4 hounds
  A jelly (D:5)
  A gnoll bouda (D:6)
  Crazy Yiuf (D:5)
  4 iguanas
  5 orc wizards
  8 gnolls
  7 adders
  2 white imps
  6 ufetubi
  4 dart slugs
  2 ribbon worms (D:2)
  21 orcs
  11 ball pythons
  4 bats
  9 endoplasms
  A giant cockroach (D:4)
  3 hobgoblins
  11 jackals
  5 quokkas
  4 frilled lizards
  5 goblins
  24 kobolds
  4 rats
179 creatures vanquished.

Notes
Turn   | Place    | Note
-------+----------+-------------------------------------------
     0 | D:1      | lunkers the Mountain Dwarf Earth Elementalist began the
                  | quest for the Orb.
     0 | D:1      | Reached XP level 1. HP: 14/14 MP: 3/3
   298 | D:1      | Reached XP level 2. HP: 20/20 MP: 2/4
   317 | D:1      | Reached skill level 4 in Earth Magic
   814 | D:1      | Reached XP level 3. HP: 13/26 MP: 0/5
  1293 | D:2      | Found a shimmering blue altar of Sif Muna.
  1373 | D:2      | Found Uryib Tatau's General Store.
  1399 | D:2      | Reached skill level 5 in Earth Magic
  1466 | D:2      | Found a faded altar of an unknown god.
  1579 | D:2      | Noticed Sigmund
  1583 | D:2      | Killed Sigmund
  1584 | D:2      | Reached skill level 7 in Earth Magic
  1584 | D:2      | Reached XP level 4. HP: 26/33 MP: 1/6
  1584 | D:2      | Reached XP level 5. HP: 30/38 MP: 1/7
  2511 | D:3      | Reached XP level 6. HP: 41/45 MP: 5/8
  2688 | D:3      | Found a broken altar of Ashenzari.
  2698 | D:3      | Became a worshipper of Ashenzari the Shackled
  2755 | D:3      | Found Hihan's Magic Scroll Shop.
  2954 | D:3      | Found an ornate altar of the Wu Jian Council.
  3449 | D:4      | Reached skill level 8 in Earth Magic
  3597 | D:4      | Found a staircase to the Ecumenical Temple.
  3899 | D:4      | Reached XP level 7. HP: 50/50 MP: 7/9
  4134 | D:5      | Entered Level 5 of the Dungeon
  4150 | D:5      | Reached skill level 9 in Earth Magic
  4154 | D:5      | Learned a level 3 spell: Passwall
  4158 | D:5      | Learned a level 3 spell: Stone Arrow
  4440 | D:5      | Found a runed translucent door.
  4441 | D:5      | Noticed Crazy Yiuf
  4510 | D:5      | Noticed Grinder
  4538 | D:5      | Killed Grinder
  4539 | D:5      | Reached skill level 10 in Earth Magic
  4908 | D:5      | Killed Crazy Yiuf
  4975 | D:6      | Reached XP level 8. HP: 57/57 MP: 7/10
  4983 | D:6      | Reached skill level 11 in Earth Magic
  5210 | D:6      | Identified the +9 rapier of Midnight {flame, *Slow rC+
                  | Will+ Stlth+}
  5356 | D:6      | Reached skill level 12 in Earth Magic
  5907 | D:7      | Reached skill level 13 in Earth Magic
  6051 | D:7      | Reached XP level 9. HP: 51/62 MP: 4/11
  6137 | D:7      | Noticed a kobold demonologist
  6141 | D:7      | Killed a kobold demonologist
  6313 | D:7      | Reached skill level 14 in Earth Magic
  6898 | D:7      | Reached * piety under Ashenzari
  6898 | D:7      | Identified a scroll of acquirement
  6980 | D:7      | Noticed a kobold demonologist
  6981 | D:7      | Noticed a kobold demonologist
  6988 | D:7      | Noticed a smoke demon
  6989 | D:7      | Killed a kobold demonologist
  6990 | D:7      | Reached skill level 15 in Earth Magic
  7009 | D:7      | HP: 4/93 [something (6)]
  7010 | D:7      | Slain by a vampire

Illustrated notes

Levels and vault maps discovered:
D:1:      psy_arrival_whirlpool, layout_basic
D:2:      wad_lake_hut, layout_basic, ebering_ecumenical_altar_webs,
          serial_shops, nicolae_shop_back_alley_shop, basic_altar, st_stairs_7,
          kennysheep_path_1, uniq_sigmund
D:3:      layout_loops_ring, ashenzari_altar_1, nzn_wu_jian_council_hall,
          serial_shops, shop, grunt_decor_resistance, kennysheep_generic_room_11
D:4:      layout_cave_pools, minmay_temple_entry_overgrown, grunt_ministairs_14
D:5:      layout_rooms, minmay_misc_feat_doors, grunt_ministairs_7,
          uniq_crazy_yiuf_cottage, uniq_grinder
D:6:      layout_rooms
D:7:      minmay_inner_zag, layout_basic, serial_library_regret_index_headful

Skill      XL: |  1  2  3  4  5  6  7  8  9 |
---------------+----------------------------+-----
Earth Magic    | 4 7 8 10 13 15 | 15.3
Dodging        | |  1.3
Stealth        | |  1.4
Spellcasting   | |  1.7
Conjurations   | |  0.8

Action                     |  1- 3 |  4- 6 |  7- 9 || total
---------------------------+-------+-------+-------++-------
  Melee: Dagger            |       |       |    10 ||    10
         Rapier            |       |       |    24 ||    24
   Cast: Sandblast         |    45 |    85 |   162 ||   292
 Invoke: Curse Item        |       |       |     2 ||     2
    Use: Potion            |       |       |     2 ||     2
   Stab: Sleeping          |       |       |     2 ||     2
 Armour: Robe              |     7 |    20 |    55 ||    82
  Dodge: Dodged            |     4 |    36 |    81 ||   121

Table legend: (Time is in decaauts)
 A = Elapsed time spent in this place.
 B = Non-inter-level travel time spent in this place.
 C = Inter-level travel time spent in this place.
 D = Time resting spent in this place.
 E = Time spent auto-exploring this place.
 F = Levels seen in this place.
 G = Mean time per level.
                   A        B        C        D        E       F      G
               +--------+--------+--------+--------+--------+-----+--------+
         Total |   7198 |   6848 |    350 |      0 |   5878 |   7 | 1028.3 |
       Dungeon |   7198 |   6848 |    350 |      0 |   5878 |   7 | 1028.3 |
               +--------+--------+--------+--------+--------+-----+--------+

Top non-repeatable levels by time:
     D:2: 1350 daAuts
     D:1: 1231 daAuts
     D:7: 1155 daAuts
     D:5: 965 daAuts
     D:3: 913 daAuts
     D:6: 836 daAuts
     D:4: 745 daAuts
